 Dungeon Crawl Stone Soup version 0.18.1-1-g2f07953 (webtiles) character file.

53 epen the Ruffian (level 3, -1/29 HPs)
             Began as a Draconian Transmuter on May 7, 2016.
             Shot with a stone by a goblin (4 damage)
             ... on level 2 of the Dungeon.
             The game lasted 00:01:58 (1410 turns).

epen the Ruffian (Draconian Transmuter)             Turns: 1410, Time: 00:01:58

Health: -1/29      AC:  5    Str: 12    XL:     3   Next: 62%
Magic:  1/6        EV: 12    Int: 19    God:
Gold:   65         SH:  0    Dex: 11    Spells: 3 memorised, 0 levels left

rFire  . . .     SeeInvis .       - Unarmed
rCold  . . .     Gourm    .     (armour unavailable)
rNeg   . . .     Faith    .     (no shield)
rPois  .         Spirit   .     (helmet restricted)
rElec  .         Dismiss  .     (no cloak)
rCorr  .         Reflect  .     (no gloves)
SustAt .         Harm     .     (boots currently unavailable)
MR     .....                    (no amulet)
Stlth  +.........               (no ring)
                                (no ring)

@: brilliant, appendage (expiring), not resistant to hostile enchantments, very
unstealthy
A: unfitting armour, talons 3, cold-blooded, AC +5
a: End Transformation


You were on level 2 of the Dungeon.
You were not hungry.
You had grown temporary talons.
You visited 1 branch of the dungeon, and saw 2 of its levels.

You collected 65 gold pieces.

Inventory:

Missiles
 a - 6 arrows
Scrolls
 e - a scroll of enchant armour {unknown}
 g - a scroll of fear {unknown}
 h - a scroll of blinking {unknown}
Books
 b - a book of Changes

   Spells                             Type                      Level
   a - Beastly Appendage              Transmutation                1
   b - Sticks to Snakes               Transmutation                2
   c - Spider Form                    Transmutation/Poison         3
   d - Ice Form                       Ice/Transmutation            4
   e - Blade Hands                    Transmutation                5
Comestibles
 c - 2 bread rations
 f - a beef jerky
 i - 2 chunks of flesh


   Skills:
 + Level 1.9 Fighting
 + Level 2.0 Dodging
 * Level 3.5 Unarmed Combat
 + Level 2.1 Spellcasting
 * Level 2.8 Transmutations


You couldn't memorise any spells.
You knew the following spells:

 Your Spells              Type           Power        Failure   Level  Hunger
a - Beastly Appendage     Trmt           ###...       1%          1    #......
b - Sticks to Snakes      Trmt           ###.....     1%          2    ##.....
c - Spider Form           Trmt/Pois      ###.......   4%          3    ###....


Dungeon Overview and Level Annotations

Branches:
Dungeon (2/15)

Altars:


Innate Abilities, Weirdness & Mutations

Your plain brown scales are hard (AC +5).
Your body does not fit into most forms of armour.
You are cold-blooded and may be slowed by cold attacks.
You have claws for feet.


Message History

The bat closely misses you.
The jackal bites you but does no damage.
The jackal misses you.
You hit the jackal.
You kill the jackal!
The goblin shoots a stone.
The stone hits you but does no damage. The bat hits you.
* * * LOW HITPOINT WARNING * * *
Casting: Beastly Appendage
Confirm with . or Enter, or press ? or * to list all spells.
You create a snake!
You now have 6 arrows.
The bat hits you but does no damage.
The goblin shoots a stone.
The stone hits you.
* * * LOW HITPOINT WARNING * * *
Unknown command.
Drink which item? (? for menu, Esc to quit)
It was a potion of brilliance.
You feel clever all of a sudden. The bat hits you but does no damage.
The goblin shoots a stone.
The stone hits you.
You die...

≈≈## .... ≈≈≈#
.... ≈≈##
#..#########≈≈#
#.....$....#≈≈##
#..........'...#
#....S.....'...#
#...b†...(.'.(.#
#...)@(...(#≈≈(#
#g.#########≈≈.#
. #.
#..≈≈≈#.#####..
g..≈≈≈#.......?
#..≈≈####..#### #
#.g≈≈...(....#
.(...≈≈.#(#....%#
....≈≈≈..(##.#..#
≈≈≈≈≈≈###.##.#...


You could see a goblin, a bat and a friendly adder.

Vanquished Creatures
  An adder (D:2)
  2 oozes (D:1)
  A dart slug (D:1)
  A giant gecko (D:2)
  10 goblins
  5 hobgoblins
  2 jackals (D:2)
  2 bats (D:1)
  A giant newt (D:2)
  3 kobolds (D:1)
  3 rats
31 creatures vanquished.

Vanquished Creatures (collateral kills)
  A goblin (D:2)
  A kobold (D:1)
2 creatures vanquished.

Grand Total: 33 creatures vanquished

Notes
Turn   | Place    | Note
--------------------------------------------------------------
     0 | D:1      | epen the Draconian Transmuter began the quest for the Orb.
     0 | D:1      | Reached XP level 1. HP: 16/16 MP: 3/3
   116 | D:1      | Reached XP level 2. HP: 21/23 MP: 5/5
   120 | D:1      | Learned a level 2 spell: Sticks to Snakes
   547 | D:1      | Reached XP level 3. HP: 22/28 MP: 6/6
   552 | D:1      | Learned a level 3 spell: Spider Form
  1410 | D:2      | Shot with a stone by a goblin

Skill      XL: |  1  2 |
---------------+-------+-----
Dodging        | 2 |  2.0
Fighting       | |  1.9
Unarmed Combat | |  3.5
Spellcasting   | |  2.1
Transmutations | |  2.8

Action                   || total
-------------------------++-------
Melee: Unarmed           ||   113
       Tailslap          ||     6
       Punch             ||     2
       Kick              ||     6
       Headbutt          ||     1
 Cast: Sticks to Snakes  ||     6
       Beastly Appendage ||     5
  Use: Potion            ||     1
 Stab: Sleeping          ||     1
  Eat: Chunk             ||     2
Armor: Skin              ||    42
Dodge: Dodged            ||    67
